Map: Golden Wall LE

Players

RobotWizard - Winner!

  • Race: Zerg Zerg
  • Spawn Location: 7:00

A.I. 1 (Very Easy)

  • Race: Protoss Protoss
  • Spawn Location: 5:00

VOD

Have the link to the VOD?

Description

My poor skills' attempt of a Serral's Ling Bane Muta build order vs AI. Just uploading this to be able to generate the build order for myself.

Time

  • Played on: May 2, 2020, 4:57 a.m.
  • Length: 7:14
Show
View Real Time Build Order
Export as new Build Order

RobotWizard Zerg - Winner!

Build Orders: Hatch First 

Get SALT Encoding   

  12  0:01  Drone  
  13  0:12  Overlord  
  13  0:17  Drone  
  14  0:30  Drone x2  
  16  0:49  Hatchery  
  15  0:52  Drone  
  15  0:56  Drone  
  17  0:59  Drone  
  18  1:05  Extractor  
  17  1:15  Spawning Pool  
  16  1:20  Drone  
  16  1:23  Drone  
  18  1:28  Drone  
  19  1:41  Drone  
  20  1:50  Drone  
  21  2:02  Queen x2  
  25  2:11  Zergling x4  
  25  2:12  Metabolic Boost  
  27  2:18  Overlord  
  27  2:28  Drone  
  28  2:37  Drone x4  
  28  2:41  Queen  
  34  2:48  Queen  
  36  2:54  Overlord  
  36  2:58  Overlord  
  36  3:12  Drone x6  
  42  3:14  Drone  
  43  3:22  Lair  
  43  3:30  Extractor  
  42  3:39  Drone x2  
  42  3:40  Drone  
  45  3:42  Drone  
  45  3:44  Hatchery, Drone  
  46  3:57  Drone x2  
  48  4:04  Drone x3  
  48  4:08  Baneling Nest  
  48  4:09  Overlord x2  
  50  4:16  Extractor, Drone x2  
  51  4:17  Extractor  
  51  4:24  Spire  
  49  4:36  Drone x5  
  54  4:44  Drone x4  
  58  4:56  Zergling x8  
  62  5:02  Overlord x3  
  62  5:27  Drone x2  
  64  5:30  Zergling x8  
  68  5:36  Mutalisk  
  68  5:37  Mutalisk x5  
  68  5:39  Mutalisk  
  82  5:48  Extractor  
  82  5:49  Extractor, Mutalisk  
  80  5:54  Zergling x8  
  80  5:55  Zergling x2  
  87  6:06  Evolution Chamber  
  87  6:09  Evolution Chamber  
  85  6:13  Drone x5  
  85  6:14  Drone x4  
  85  6:15  Zergling x4  
  96  6:22  Overlord  
Show
View Real Time Build Order
Export as new Build Order

A.I. 1 (Very Easy) Protoss 

Build Orders: 1 Gate Expand 

Get SALT Encoding   

  12  0:00  Probe  
  13  0:13  Probe  
  14  0:21  Pylon  
  14  0:42  Gateway  
  14  1:03  Probe  
  14  1:10  Pylon  
  15  1:12  Assimilator  
  15  1:20  Probe  
  16  1:27  Assimilator  
  16  1:29  Nexus  
  16  1:35  Zealot  
  18  1:50  Cybernetics Core  
  18  1:51  Probe  
  19  2:02  Probe  
  20  2:10  Probe  
  21  2:16  Warp Gate  
  21  2:19  Probe  
  21  2:22  Stalker  
  24  2:42  Probe  
  25  2:48  Pylon  
  25  2:49  Probe  
  26  2:56  Probe  
  27  3:04  Probe  
  28  3:11  Probe  
  28  3:12  Robotics Facility  
  29  3:22  Probe  
  30  3:29  Probe  
  30  3:31  Adept  
  31  3:36  Probe  
  33  3:43  Probe  
  34  3:50  Probe  
  35  3:57  Probe  
  35  4:02  Observer  
  37  4:05  Probe  
  37  4:08  Probe  
  38  4:12  Assimilator  
  39  4:19  Assimilator, Probe  
  39  4:22  Probe  
  39  4:24  Observer  
  42  4:33  Probe  
  43  4:39  Probe  
  44  4:47  Probe  
  44  4:51  Sentry, Probe, Pylon  
  48  5:02  Probe  
  49  5:08  Probe  
  50  6:32  Stalker  
  52  6:35  Pylon, Probe  
  46  6:42  Probe  
  46  6:46  Probe  
  25  6:57  Probe  
  25  7:00  Pylon, Probe  
Tags
 
Add a new tag
Caveats
  • Supply blocks, unpowered buildings, or Contaminate may cause inaccurate times.
  • Supply counts are checked every 10 seconds.